 Dungeon Crawl Stone Soup version 0.16.2-2-g470672f (webtiles) character file.

4668 MiaIshata the Protected (level 10, 0/80 HPs)
             Began as a Formicid Fighter on Aug 23, 2015.
             Was a High Priest of Cheibriados.
             Slain by an eight-headed hydra (1 damage)
             ... on level 9 of the Dungeon on Aug 24, 2015.
             The game lasted 00:33:12 (7841 turns).

MiaIshata the Protected (Formicid Fighter)          Turns: 7841, Time: 00:33:15

Health: 0/80       AC: 12    Str: 33    XL:     10   Next: 71%
Magic:  22/22      EV:  9    Int: 16    God:    Cheibriados [*****.]
Gold:   488        SH: 20    Dex: 26    Spells: 0 memorised, 9 levels left

rFire  . . .     SeeInvis +     a - +1 war axe
rCold  . . .     Clarity  +     f - +0 chain mail
rNeg   . . .     SustAb   .     o - +1 large shield
rPois  .         Gourm    .     (helmet unavailable)
rElec  .         Spirit   .     (no cloak)
rCorr  .         Warding  .     (no gloves)
rMut   .         Stasis   +     (no boots)
MR     +....                    q - amulet of clarity
Stlth  ..........               (no ring)
                                t - +3 ring of evasion

@: very slightly contaminated, drained, invisible, very slow, somewhat resistant
to hostile enchantments, extremely unstealthy
A: permanent stasis, dig shafts and tunnels, four strong arms, antennae 3,
molten scales 1, agile 1, dopey 1
a: Dig, Shaft Self, Bend Time, Temporal Distortion, Slouch, Step From Time,
Renounce Religion


You were on level 9 of the Dungeon.
You worshipped Cheibriados.
Cheibriados was extremely pleased with you.
You were not hungry.

You visited 1 branch of the dungeon, and saw 9 of its levels.
You also visited: Ossuary.

You collected 488 gold pieces.

Inventory:

Hand weapons
 a - a +1 war axe (weapon)
 p - a +0 whip
 G - a cursed +2 scimitar
Armour
 f - a +0 chain mail (worn)
 o - a +1 large shield (worn)
Jewellery
 l - an uncursed amulet of resist corrosion
 q - an amulet of clarity (around neck)
 t - a +3 ring of evasion (left hand)
Magical devices
 C - a wand of slowing (11)
 E - a wand of frost (27)
Scrolls
 e - 3 scrolls of enchant weapon
 g - a scroll of fog
 h - 3 scrolls of remove curse
 m - 2 scrolls of amnesia
 u - 2 scrolls of magic mapping
 w - a scroll of immolation
 y - a scroll of identify
 B - 2 scrolls of recharging {unknown}
Potions
 c - 2 potions of might
 i - a potion of cure mutation
 k - a potion of flight
 r - 2 potions of magic
 x - a potion of brilliance {unknown}
 z - a potion of poison {unknown}
 A - a potion of resistance {unknown}
 F - a potion of ambrosia {unknown}
Comestibles
 d - 6 bread rations
 j - 2 slices of pizza
 n - 3 royal jellies
 s - 7 meat rations
 v - 2 fruits
 D - a beef jerky


   Skills:
 + Level 7.9 Fighting
 + Level 8.2(8.1) Axes
 + Level 8.4(8.3) Armour
 + Level 1.1 Stealth
 + Level 7.6(7.5) Shields
 * Level 7.2(7.1) Invocations


You had 9 spell levels left.
You didn't know any spells.

Dungeon Overview and Level Annotations

Branches:
Dungeon (9/15)             Temple (0/1) D:4
   Lair: D:8-11         Orc: D:9-12

Altars:
Ashenzari
Cheibriados
Dithmenos
Elyvilon
Fedhas
Gozag
Kikubaaqudgha
Qazlal
Trog

Shops:
D:5 }   D:7 %


Innate Abilities, Weirdness & Mutations

You are under a permanent stasis effect.
You can dig through walls and to a lower floor.
Your four strong arms can wield two-handed weapons with a shield.
You have a pair of large antennae on your head (SInv).
You are partially covered in molten scales (AC +1).
You are agile. (Dex +2)
You are dopey. (Int -2)


Message History

The eight-headed hydra bites you.
* * * LOW HITPOINT WARNING * * *
You are very lightly contaminated with residual magic.
The centaur shoots an arrow.
The arrow hits the eight-headed hydra!
The eight-headed hydra barely misses you.
You block the eight-headed hydra's attack. x2
The eight-headed hydra bites you!
* * * LOW HITPOINT WARNING * * *
You block the eight-headed hydra's attack.
The eight-headed hydra completely misses you.
The eight-headed hydra bites you but does no damage.
The eight-headed hydra bites you.
* * * LOW HITPOINT WARNING * * *
The centaur shoots an arrow.
The arrow hits the eight-headed hydra!
The centaur shoots an arrow.
The arrow hits the eight-headed hydra!!
The centaur shoots an arrow.
The eight-headed hydra bites you.
* * * LOW HITPOINT WARNING * * *
You block the eight-headed hydra's attack. x2
The eight-headed hydra bites you.
You die...

##.## #####...# #
##<#....# ####.#
#.)....####(#...#
##.............##.
###.>............
#...........#
#.#.....(()...#
...........@(....#
.##.#......D(†..#
#.........[.....#
##.#.......c......#
###...............
#...........#..#
###............
##........#.
#........#


You could see an eight-headed hydra and a centaur.

Vanquished Creatures
  The ghost of Enish the Martial Artist, an experienced DrTm of Cheibriados (D:6)
  A two-headed ogre (D:7)
  The ghost of Enish the Ruffian, an average VSBe of Trog (Ossuary)
  A wyvern (D:8)
  2 hippogriffs
  The ghost of MiaIshata the Gusty, an average TeAE of Nemelex Xobeh (D:3)
  2 ice beasts (D:7)
  2 black bears
  2 ogres (D:6)
  A phantom (D:5)
  2 centaurs
  2 elf zombies (Ossuary)
  A gnoll sergeant (D:7)
  7 giant frogs
  2 scorpions (D:7)
  7 wights
  3 goliath beetles
  4 crimson imps
  A quasit (D:6)
  8 centaur zombies
  A centaur skeleton (D:5)
  A jelly (D:6)
  A giant frog skeleton (D:5)
  3 human zombies (Ossuary)
  A hound (D:7)
  A gnoll shaman (D:5)
  4 orc priests
  2 iguanas
  7 worker ants
  A hound zombie (D:5)
  4 mummies
  6 adders
  15 gnolls
  3 giant mites
  4 worms
  3 adder skeletons
  2 adder zombies
  6 giant geckos
  20 orcs
  14 bats
  10 giant cockroaches
  15 hobgoblins
  4 jackals
  21 kobolds
  3 quokkas
  3 ball pythons
  6 giant newts
  17 goblins
  A jackal zombie (D:5)
  9 rats
239 creatures vanquished.

Notes
Turn   | Place    | Note
--------------------------------------------------------------
     0 | D:1      | MiaIshata, the Formicid Fighter, began the quest for the Orb.
     0 | D:1      | Reached XP level 1. HP: 18/18 MP: 1/1
   258 | D:1      | Reached XP level 2. HP: 24/24 MP: 3/3
   310 | D:1      | Reached skill level 4 in Shields
   833 | D:2      | Reached XP level 3. HP: 25/29 MP: 4/4
   966 | D:2      | Found a blossoming altar of Fedhas.
   967 | D:2      | Found a stormy altar of Qazlal.
  1383 | D:3      | Reached XP level 4. HP: 24/37 MP: 5/5
  1619 | D:3      | Noticed MiaIshata's ghost (average TeAE)
  1632 | D:3      | Killed MiaIshata's ghost
  1632 | D:3      | Reached skill level 5 in Shields
  1632 | D:3      | Reached XP level 5. HP: 32/43 MP: 7/7
  1651 | D:3      | Reached XP level 6. HP: 30/49 MP: 8/8
  1982 | D:4      | Found a snail-covered altar of Cheibriados.
  1990 | D:4      | Became a worshipper of Cheibriados the Contemplative
  2054 | D:4      | Found a sand-covered staircase.
  2060 | D:4      | Found a shattered altar of Ashenzari.
  2072 | Ossuary  | Entered an ossuary
  2072 | Ossuary  | Noticed Enish's ghost (average VSBe)
  2079 | Ossuary  | Killed Enish's ghost
  2079 | Ossuary  | Reached XP level 7. HP: 24/55 MP: 9/9
  2311 | Ossuary  | Reached skill level 1 in Invocations
  2320 | Ossuary  | Reached skill level 5 in Fighting
  2627 | Ossuary  | Reached skill level 5 in Armour
  2638 | Ossuary  | Reached XP level 8. HP: 27/62 MP: 13/13
  2821 | Ossuary  | Reached skill level 5 in Axes
  3106 | D:4      | Acquired Cheibriados' first power
  3130 | D:4      | Found a staircase to the Ecumenical Temple.
  3132 | D:4      | Found a bloodstained altar of Trog.
  3296 | D:4      | Found a white marble altar of Elyvilon.
  3445 | D:5      | Entered Level 5 of the Dungeon
  3782 | D:5      | Found Wiahaud's Gadget Shoppe.
  3842 | D:5      | Gained mutation: You are dopey. (Int -2) [potion of mutation]
  3842 | D:5      | Gained mutation: You are agile. (Dex +2) [potion of mutation]
  3842 | D:5      | Gained mutation: You are partially covered in molten scales (AC +1). [potion of mutation]
  3888 | D:5      | Reached skill level 6 in Fighting
  4088 | D:5      | Reached XP level 9. HP: 47/69 MP: 18/18
  4814 | D:6      | Reached skill level 1 in Stealth
  4828 | D:6      | Reached skill level 7 in Armour
  4876 | D:6      | Acquired Cheibriados' second power
  5110 | D:6      | Reached skill level 5 in Invocations
  5181 | D:6      | Noticed Enish's ghost (experienced DrTm)
  5207 | D:6      | Killed Enish's ghost
  5368 | D:6      | Acquired Cheibriados' third power
  5703 | D:6      | Reached XP level 10. HP: 79/79 MP: 20/20
  5913 | D:7      | Reached skill level 8 in Armour
  6239 | D:7      | Found Leoj's Food Shoppe.
  6292 | D:7      | Found an opulent altar of Gozag.
  6703 | D:8      | Acquired Cheibriados' fourth power
  6744 | D:8      | Found an ancient bone altar of Kikubaaqudgha.
  6900 | D:8      | Found a shadowy altar of Dithmenos.
  7832 | D:9      | Noticed a six-headed hydra
  7840 | D:9      | HP: 4/80 [eight-headed hydra (5)]
  7841 | D:9      | HP: 1/80 [eight-headed hydra (3)]
  7841 | D:9      | Slain by an eight-headed hydra

Action                   |  1- 3 |  4- 6 |  7- 9 | 10-12 || total
-------------------------+-------+-------+-------+-------++-------
Melee: War axe           |   144 |    99 |   432 |   204 ||   879
Invok: Slouch            |       |       |       |     1 ||     1
 Abil: Dig               |       |       |       |     1 ||     1
  Use: Scroll            |     7 |     5 |    11 |     2 ||    25
       Potion            |       |     8 |     6 |     1 ||    15
  Eat: Bread ration      |     1 |       |     1 |     1 ||     3
       Chunk             |     1 |       |       |       ||     1
       Meat ration       |       |       |     1 |       ||     1
       Royal jelly       |       |       |     1 |       ||     1
